 Dungeon Crawl Stone Soup version 0.29-a0-380-gf50f0a9fbc (webtiles) character file.

Game seed: 16304770607168788152

405 ryw the Skirmisher (level 6, -4/49 HPs)
             Began as a Demonspawn Monk on May 5, 2022.
             Was a Believer of Hepliaklqana.
             Succumbed to Crazy Yiuf's poison
             ... on level 3 of the Dungeon.
             The game lasted 00:05:26 (3998 turns).

ryw the Skirmisher (Demonspawn Monk)                Turns: 3998, Time: 00:05:27

Health: -4/49      AC:  9    Str: 14    XL:     6   Next: 56%
Magic:  6/6        EV:  6    Int: 15    God:    Hepliaklqana [**....]
Gold:   194        SH:  0    Dex: 15    Spells: 5/5 levels left

rFire   . . .      SeeInvis .   q - +1 flail (distort)
rCold   . . .      Faith    .   (no shield)
rNeg    . . .      Spirit   .   f - +0 chain mail
rPois   .          Reflect  .   b - +0 helmet "Otysevvo" {Int+4}
rElec   .          Harm     .   (no cloak)
rCorr   .          Rampage  .   (no gloves)
Will    .....                   (no boots)
Stlth   ..........              (no amulet)
HPRegen 0.16/turn               (no ring)
MPRegen 0.20/turn               (no ring)

@: lethally poisoned (-4 -> -28), invisible
A: reduced essence, magic regeneration
a: Renounce Religion, Recall Ancestor, Ancestor Identity


You were on level 3 of the Dungeon.
You worshipped Hepliaklqana.
Hepliaklqana was pleased with you.
You visited 1 branch of the dungeon, and saw 3 of its levels.

You collected 194 gold pieces.

Inventory:

Hand Weapons
 q - a +1 flail of distortion (weapon)
Armour
 b - the +0 helmet "Otysevvo" (worn) {Int+4}
   (You found it on level 3 of the Dungeon)

   Int:       It affects your intelligence (+4).
 f - a +0 chain mail (worn)
Scrolls
 a - 2 scrolls of immolation {unknown}
 e - 2 scrolls of identify {unknown}
 i - a scroll of fear {unknown}
 l - 2 scrolls of silence {unknown}
 m - a scroll of noise {unknown}
 o - a scroll of magic mapping {unknown}
Potions
 c - a potion of curing {unknown}
 d - 2 potions of resistance
 k - a potion of haste {unknown}
 n - a potion of flight {unknown}


   Skills:
 + Level 7.5 Fighting
 + Level 0.0 Armour
 - Level 2.6 Dodging
 - Level 1.7 Stealth
 - Level 2.6 Unarmed Combat


You had 5 spell levels left.
You didn't know any spells.
Your spell library was empty.

Dungeon Overview and Level Annotations

Branches:
Dungeon (3/15)

Altars:
Hepliaklqana

Annotations:
D:3 Crazy Yiuf


Innate Abilities, Weirdness & Mutations

Your life essence is reduced to manifest your ancestor. (-10% HP)
You regenerate magic rapidly.


Message History

Tochtli gestures at the rat while chanting.
The rat resists with significant effort.
The rat bites you.
You sock the rat!
You kill the rat!
No target in view!
Things that are here:
a +0 club; a rat corpse You swap places.
You swap places.
Things that are here:
a +0 club; a rat corpse You swap places.
Found a mace.
Found a runed translucent door.
Crazy Yiuf shouts!
Crazy Yiuf says, "Crazy?
Crazy!?
PORCUPINE!"
You open the door.
Crazy Yiuf whimpers, "Tonal!"
You hit Crazy Yiuf.
Space warps around Crazy Yiuf.
Crazy Yiuf is heavily wounded.
Crazy Yiuf hits you with a +3 quarterstaff of chaos!
Crazy Yiuf burns you.
Crazy Yiuf hits you with a +3 quarterstaff of chaos!
You are poisoned.
You hit Crazy Yiuf.
Space warps around Crazy Yiuf.
Crazy Yiuf is severely wounded.
You feel extremely sick. Crazy Yiuf hits you but does no damage.
Unknown command.
You swap places.
Crazy Yiuf attacks as you move away!
Crazy Yiuf hits you with a +3 quarterstaff of chaos!
* * * LOW HITPOINT WARNING * * *
You are more poisoned.
* * * LOW HITPOINT WARNING * * *
You feel extremely sick.
Tochtli barely misses Crazy Yiuf.
Crazy Yiuf barely misses Tochtli.
Tochtli barely misses Crazy Yiuf.
It was a potion of invisibility.
You fade into invisibility!
You die...

######.#####
#........#
#.....### #.#
#........#
#......#. #.#
#.....<..#
#.....### #.#
#.......##
#..##..#. #.#
#########
#..#####. #.#
#......#.
#.#########
#......##
#..#....#.### ###
#......##
##.......#.@##...#
##......#
#......####Rg...#
######.# ##....##
###..)# #.# ######
### #######.#
#........
#.#####.# #.# #..
#.####### #.....#
#


You could see the friendly Tochtli the hexer and Crazy Yiuf (can't see you, ally
target).

Vanquished Creatures
  Grinder (D:3)
  Natasha (D:2)
  4 adders (D:2)
  A worm (D:3)
  2 dart slugs
  4 orcs (D:3)
  6 ball pythons
  7 endoplasms
  3 giant cockroaches
  5 hobgoblins
  4 jackals
  4 kobolds
  4 bats
  A frilled lizard (D:2)
  5 goblins
  5 rats
57 creatures vanquished.

Vanquished Creatures (collateral kills)
  Terence (D:3)
  An adder (D:3)
  A worm (D:3)
  2 orcs (D:3)
  2 bats (D:3)
  An endoplasm (D:2)
  A giant cockroach (D:2)
  4 goblins
  2 hobgoblins (D:2)
  A jackal (D:2)
  A kobold (D:2)
  A quokka (D:3)
  A frilled lizard (D:2)
19 creatures vanquished.

Vanquished Creatures (others)
  2 hexers (D:3)
  5 fungi (D:3)
7 creatures vanquished.

Grand Total: 83 creatures vanquished

Notes
Turn   | Place    | Note
-------+----------+-------------------------------------------
     0 | D:1      | ryw the Demonspawn Monk began the quest for the Orb.
     0 | D:1      | Reached XP level 1. HP: 18/18 MP: 1/1
   436 | D:1      | Gained mutation: You regenerate magic rapidly. [demonic
                  | ancestry]
   436 | D:1      | Reached XP level 2. HP: 15/24 MP: 2/2
   598 | D:1      | Found a faded altar of an unknown god.
  1102 | D:1      | Reached skill level 4 in Fighting
  1547 | D:2      | Reached XP level 3. HP: 30/30 MP: 3/3
  1785 | D:2      | Found a hazy altar of Hepliaklqana.
  1797 | D:2      | Became a worshipper of Hepliaklqana the Forgotten
  1797 | D:2      | Reached * piety under Hepliaklqana
  1797 | D:2      | Reached ** piety under Hepliaklqana
  1798 | D:2      | Remembered your ancestor Tochtli as a hexer
  1935 | D:2      | Reached XP level 4. HP: 24/34 MP: 4/4
  2050 | D:2      | Reached skill level 5 in Fighting
  2885 | D:3      | Noticed Terence
  3001 | D:3      | Noticed Natasha
  3012 | D:2      | Killed Natasha
  3013 | D:2      | Reached XP level 5. HP: 35/41 MP: 5/5
  3130 | D:3      | Killed Terence
  3131 | D:3      | Reached skill level 6 in Fighting
  3174 | D:3      | HP: 2/41 [orc/+1 flail of distortion (24)]
  3652 | D:3      | Noticed Grinder
  3653 | D:3      | Paralysed by Grinder for 7 turns
  3677 | D:3      | Paralysed by Grinder for 7 turns
  3681 | D:3      | HP: 2/41 [orc wizard/magic dart (2)]
  3688 | D:3      | HP: 1/42 [Grinder/nerve-wracking pain (14)]
  3689 | D:3      | Paralysed by Grinder for 4 turns
  3704 | D:3      | Killed Grinder
  3705 | D:3      | Reached skill level 7 in Fighting
  3705 | D:3      | Reached XP level 6. HP: 37/49 MP: 6/6
  3708 | D:3      | Identified the +0 helmet "Otysevvo" {Int+4}
  3990 | D:3      | Found a runed translucent door.
  3991 | D:3      | Noticed Crazy Yiuf
  3997 | D:3      | HP: 1/49 [poisoned by Crazy Yiuf]
  3998 | D:3      | Succumbed to Crazy Yiuf's poison

Illustrated notes

Levels and vault maps discovered:
D:1:      sevenhm_arrival_forest_fort_small_4, layout_loops_corners,
          shapermc_ecumenical_altar_petra, serial_forest,
          infiniplex_forest_lined_room_, infiniplex_forest_straight_3,
          infiniplex_forest_clump_cross, infiniplex_forest_straight_3,
          infiniplex_forest_clump_large, infiniplex_forest_straight_2,
          infiniplex_forest_clump_tiny, infiniplex_forest_straight_4,
          infiniplex_forest_clump_tiny, minmay_tromino_i2
D:2:      layout_basic, basic_altar, kennysheep_generic_room_12
D:3:      layout_basic, nicolae_figureground_sparkle, uniq_crazy_yiuf_cottage,
          uniq_terence, uniq_grinder, uniq_natasha

Skill      XL: |  1  2  3  4  5 |
---------------+----------------+-----
Fighting       | 4 5 7 |  7.5
Dodging        | |  2.6
Stealth        | |  1.7
Unarmed Combat | |  2.6

Action                   |  1- 3 |  4- 6 || total
-------------------------+-------+-------++-------
Melee: Unarmed           |   128 |    88 ||   216
       Punch             |     4 |     3 ||     7
       Flail             |       |    38 ||    38
Invok: Ancestor Life: He |     1 |       ||     1
  Use: Potion            |       |     4 ||     4
 Stab: Sleeping          |     5 |       ||     5
       Confused          |       |     6 ||     6
       Distracted        |       |     1 ||     1
Armor: Robe              |     8 |       ||     8
       Chain mail        |    43 |    79 ||   122
Dodge: Dodged            |    40 |    41 ||    81

Table legend: (Time is in decaauts)
 A = Elapsed time spent in this place.
 B = Non-inter-level travel time spent in this place.
 C = Inter-level travel time spent in this place.
 D = Time resting spent in this place.
 E = Time spent auto-exploring this place.
 F = Levels seen in this place.
 G = Mean time per level.
                   A        B        C        D        E       F      G
               +--------+--------+--------+--------+--------+-----+--------+
         Total |   4014 |   3927 |     87 |    350 |   2965 |   3 | 1338.0 |
       Dungeon |   4014 |   3927 |     87 |    350 |   2965 |   3 | 1338.0 |
               +--------+--------+--------+--------+--------+-----+--------+

Top non-repeatable levels by time:
     D:1: 1543 daAuts
     D:2: 1440 daAuts
     D:3: 1031 daAuts
